 Dungeon Crawl Stone Soup version 0.28-a0-872-g80cf8599ee (webtiles) character file.

Game seed: 10567084288693594667

97 mcbry74 the Poker (level 4, 0/35 HPs)
             Began as a Merfolk Gladiator on Nov 20, 2021.
             Slain by an adder (4 damage)
             ... on level 3 of the Dungeon.
             The game lasted 00:08:21 (2095 turns).

mcbry74 the Poker (Merfolk Gladiator)               Turns: 2095, Time: 00:08:21

Health: 0/35       AC:  5    Str: 15    XL:     4   Next: 68%
Magic:  3/3        EV: 13    Int:  7    God:
Gold:   121        SH:  0    Dex: 15    Spells: 3/3 levels left

rFire   + . .      SeeInvis .   a - +0 trident
rCold   + . .      Faith    .   (no shield)
rNeg    . . .      Spirit   .   b - +0 leather armour
rPois   +          Reflect  .   o - +0 helmet
rElec   +          Harm     .   (no cloak)
rCorr   +          Rampage  .   e - +0 pair of gloves {archery}
Will    .....      Rnd*Tele +   (no boots)
Stlth   +.........              (no amulet)
HPRegen 0.11/turn               (no ring)
MPRegen 0.08/turn               (no ring)

@: resistant
A: (nimble swimmer 2), mertail, low mp 1, teleportitis 1
a: no special abilities


You were on level 3 of the Dungeon.
You visited 1 branch of the dungeon, and saw 3 of its levels.

You collected 121 gold pieces.

Inventory:

Hand Weapons
 a - a +0 trident (weapon)
 s - a +0 trident
Missiles
 d - 3 throwing nets (quivered)
 p - 6 javelins
 q - 38 stones
Armour
 b - a +0 leather armour (worn)
 c - a +0 helmet
 e - a +0 pair of gloves of archery (worn)
 o - a +0 helmet (worn)
Scrolls
 k - a scroll of acquirement {unknown}
 m - a scroll of teleportation {unknown}
 r - a scroll of enchant armour {unknown}
Potions
 j - a potion of might {unknown}
 l - a potion of flight {unknown}
 n - a potion of degeneration {unknown}


   Skills:
 + Level 3.1 Fighting
 * Level 6.3 Polearms
 + Level 2.8 Throwing
 - Level 4.0 Dodging


You had 3 spell levels left.
You didn't know any spells.
Your spell library was empty.

Dungeon Overview and Level Annotations

Branches:
Dungeon (3/15)

Altars:

Annotations:
D:2 1 runed translucent door, Crazy Yiuf


Innate Abilities, Weirdness & Mutations

((You are quick and stealthy near water. (Stealth+, EV+, Speed+++)))
Your lower body shifts to a powerful aquatic tail in water.
Your magical capacity is low. (-10% MP)
You are occasionally teleported next to monsters.


Message History

You feel sick. The bat misses you. The adder barely misses you.
You closely miss the adder.
The adder is almost dead.
You feel sick. The bat misses you. The adder closely misses you.
You feel sick. The bat closely misses you. The adder barely misses you.
You feel sick. The bat barely misses you.
You feel sick.
You are no longer poisoned.
You hit the endoplasm.
You kill the endoplasm!
The bat hits you but does no damage.
You are too injured to fight recklessly!
You aren't carrying any items that you can evoke.
There are monsters nearby!
There are monsters nearby!
Unknown command.
There are monsters nearby!
You aren't carrying any items that you can evoke.
Reach: a) +0 trident
Press: ? - help, Dir - move target, f - adder
Aim: an adder (almost dead, about 56% to evade your +0 trident)
You reach to attack!
You miss the adder.
The adder is almost dead.
The bat completely misses you.
Reach: a) +0 trident
Press: ? - help, Dir - move target, f/p - adder
Aim: an adder (almost dead, about 56% to evade your +0 trident)
You reach to attack!
You barely miss the adder.
The adder is almost dead.
The bat hits you but does no damage. x2
You closely miss the adder.
The adder is almost dead.
The adder closely misses you.
You barely miss the adder.
The adder is almost dead.
The adder barely misses you. The adder bites you but does no damage.
You closely miss the adder.
The adder is almost dead.
The adder bites you.
You die...

#.............## ....
...............##....
...............#.....
...................#
...............#.###
...............#.#
...............#.#
#.............##.#
##.....#.....###@#
####.######..##S# #.#
##...b# #.
#.......... #.
.............
###...........
#...........
#...........
............


You could see an adder and a bat.

Vanquished Creatures
  Jessica (D:2)
  A gnoll (D:1)
  2 adders (D:2)
  2 worms (D:2)
  A dart slug (D:1)
  3 ball pythons
  2 endoplasms
  2 giant cockroaches
  4 goblins
  3 hobgoblins
  2 jackals (D:2)
  A quokka (D:1)
  2 bats (D:1)
  3 frilled lizards
  3 kobolds
  5 rats
37 creatures vanquished.

Notes
Turn   | Place    | Note
-------+----------+-------------------------------------------
     0 | D:1      | mcbry74 the Merfolk Gladiator began the quest for the Orb.
     0 | D:1      | Reached XP level 1. HP: 16/16 MP: 1/1
   164 | D:1      | Reached XP level 2. HP: 23/23 MP: 2/2
   312 | D:1      | Reached skill level 5 in Polearms
   395 | D:1      | Reached XP level 3. HP: 28/28 MP: 3/3
   410 | D:1      | Found a faded altar of an unknown god.
  1431 | D:2      | Reached skill level 6 in Polearms
  1431 | D:2      | Reached XP level 4. HP: 27/34 MP: 4/4
  1752 | D:2      | Noticed Jessica
  1767 | D:2      | Killed Jessica
  1897 | D:2      | Found a runed translucent door.
  1898 | D:2      | Noticed Crazy Yiuf
  2063 | D:3      | HP: 1/35 [poisoned by an adder]
  2064 | D:3      | Gained mutation: You are occasionally teleported next to
                  | monsters. [potion of mutation]
  2064 | D:3      | Gained mutation: Your magical capacity is low. (-10% MP)
                  | [potion of mutation]
  2095 | D:3      | Slain by an adder

Illustrated notes

Levels and vault maps discovered:
D:1:      lightli_arrival_noodles, layout_basic, ebering_ecumenical_altar_mist,
          serial_rivers, chequers_serial_rivers_marsh,
          chequers_serial_rivers_room_b, chequers_serial_rivers_large_a,
          chequers_serial_rivers_micro_b, chequers_serial_rivers_room_a,
          chequers_serial_rivers_large_b
D:2:      layout_basic, kennysheep_generic_room_14, uniq_crazy_yiuf_cottage,
          uniq_jessica
D:3:      layout_rooms, minmay_ruptured

Skill      XL: |  1  2  3  4 |
---------------+-------------+-----
Polearms       | 5 6 |  6.3
Fighting       | 3 |  3.1
Throwing       | |  2.8
Dodging        | |  4.0

Action                   |  1- 3 |  4- 6 || total
-------------------------+-------+-------++-------
Melee: Trident           |    88 |    62 ||   150
       Tailslap          |     1 |       ||     1
  Use: Potion            |       |     4 ||     4
 Stab: Sleeping          |     3 |       ||     3
Armor: Leather armour    |    18 |    31 ||    49
Dodge: Dodged            |    36 |    57 ||    93

Table legend: (Time is in decaauts)
 A = Elapsed time spent in this place.
 B = Non-inter-level travel time spent in this place.
 C = Inter-level travel time spent in this place.
 D = Time resting spent in this place.
 E = Time spent auto-exploring this place.
 F = Levels seen in this place.
 G = Mean time per level.
                   A        B        C        D        E       F      G
               +--------+--------+--------+--------+--------+-----+--------+
         Total |   2061 |   2031 |     30 |     47 |   1569 |   3 |  687.0 |
       Dungeon |   2061 |   2031 |     30 |     47 |   1569 |   3 |  687.0 |
               +--------+--------+--------+--------+--------+-----+--------+

Top non-repeatable levels by time:
     D:1: 1053 daAuts
     D:2: 932 daAuts
     D:3: 75 daAuts
